 Dungeon Crawl Stone Soup version 0.26-a0-651-gb41185065b (webtiles) character file.

Game seed: 6775761820930029817

(classic levelgen) 54702 EnegeticOcto the Severer (level 14, 124/130 HPs)
             Began as a Deep Dwarf Fighter on Oct 7, 2020.
             Was the Champion of Makhleb.
             Quit the game on level 1 of the Swamp.
             The game lasted 00:12:18 (12682 turns).

EnegeticOcto the Severer (Deep Dwarf Fighter)      Turns: 12682, Time: 00:12:19

Health: 124/130    AC: 31    Str: 22    XL:     14   Next: 35%
Magic:  12/12      EV:  6    Int:  8    God:    Makhleb [******]
Gold:   2040       SH: 13    Dex: 15    Spells: 13/13 levels left

rFire    . . .     SeeInvis +   b - +2 war axe (flame)
rCold    + . .     Faith    .   c - +0 kite shield
rNeg     + . .     Spirit   .   i - +0 plate armour
rPois    +         Reflect  .   G - +2 hat "Cetech" {rCorr SInv Stlth+}
rElec    .         Harm     .   y - +2 cloak
rCorr    +         Rampage  +   p - +2 pair of gloves
MR       ++...                  l - +2 pair of boots {rampage}
Stlth    ..........             v - amulet of Eternal Harmony {rPois rC+ Regen+ Str-4 Dex+3}
HPRegen  0.00/turn              x - +4 ring of protection
MPRegen  0.13/turn              L - ring of resist corrosion

@: non-regenerating
A: damage resistance, heal wounds, negative energy resistance 1, sense
surroundings 2, no regeneration
a: Heal Wounds, Minor Destruction, Lesser Servant of Makhleb, Major Destruction,
Greater Servant of Makhleb, Renounce Religion


You were on level 1 of the Swamp.
You worshipped Makhleb.
Makhleb was exalted by your worship.
You visited 5 branches of the dungeon, and saw 20 of its levels.
You also visited: Ossuary, Bailey, Gauntlet and Ice Cave.

You collected 2040 gold pieces.

Inventory:

Hand Weapons
 a - a +0 broad axe
 b - a +2 war axe of flaming (weapon)
 j - a +0 dagger of distortion
 J - a +1 war axe of protection
Missiles
 m - a throwing net (quivered)
Armour
 c - a +0 kite shield (worn)
 i - a +0 plate armour (worn)
 l - a +2 pair of boots of rampaging (worn)
 p - a +2 pair of gloves (worn)
 y - a +2 cloak (worn)
 G - the +2 hat "Cetech" (worn) {rCorr SInv Stlth+}
   (You found it in a Gauntlet)

   It lets you see invisible.
   It provides partial protection from all sources of acid and corrosion.
   It makes you more stealthy.
 N - a +2 pair of boots of flying
Jewellery
 k - the ring "Gystraaco" {rN+ Str+6 Slay+2 Stlth+}
   (You took it off a minotaur in a Gauntlet)

   [ring of strength]

   It affects your strength (+6).
   It affects your accuracy and damage with ranged weapons and melee attacks
   (+2).
   It protects you from negative energy.
   It makes you more stealthy.
 v - the amulet of Eternal Harmony (around neck) {rPois rC+ Regen+ Str-4 Dex+3}
   (You found it in a Gauntlet)

   [amulet of regeneration]

   It affects your strength (-4).
   It affects your dexterity (+3).
   It protects you from cold.
   It protects you from poison.
   It increases your rate of regeneration.
 x - a +4 ring of protection (left hand)
 L - a ring of resist corrosion (right hand)
Wands
 f - a wand of paralysis (40)
 t - a wand of iceblast (13) {@v2}
 E - a wand of enslavement (7)
 M - a wand of digging (1) {@v3}
Scrolls
 e - 13 scrolls of teleportation {@r3}
 q - 5 scrolls of fog
 r - 8 scrolls of remove curse {@r2}
 s - 2 scrolls of magic mapping {@r5}
 u - 2 scrolls of vulnerability
 D - 6 scrolls of enchant armour
 O - 3 scrolls of blinking
 P - a scroll of holy word {unknown}
 Q - 2 scrolls of identify {@r1}
Potions
 d - 5 potions of might {@q3}
 g - 8 potions of heal wounds {@q2}
 h - a potion of magic
 n - 3 potions of stabbing {@q5}
 o - 10 potions of curing {@q1}
 w - a potion of berserk rage {unknown}
 z - 2 potions of invisibility
 A - 2 potions of mutation
 B - 2 potions of ambrosia
 C - 5 potions of lignification {@q7}
 H - 4 potions of flight
 I - a potion of haste {unknown}
 K - a potion of resistance {@q6}
Miscellaneous
 F - a condenser vane (2/2)


   Skills:
 + Level 9.9 Fighting
 * Level 15.2 Axes
 + Level 11.7 Armour
 + Level 11.5 Shields
 + Level 11.5 Invocations
 - Level 10.0 Evocations


You had 13 spell levels left.
You didn't know any spells.
Your spell library was empty.

Dungeon Overview and Level Annotations

Branches:
Dungeon (14/15)            Temple (1/1) D:6            Lair (2/6) D:10
  Swamp (1/4) Lair:2       Spider (0/4) Lair:2          Orc (2/2) D:9
    Elf (0/3) Orc:2       Ossuary (visited)          Bailey (visited)
  IceCv (visited)         Gauntlet (visited)
 Vaults: D:13-14

Altars:
Ashenzari
Cheibriados
Dithmenos
Elyvilon
Fedhas
Gozag
Hepliaklqana
Kikubaaqudgha
Makhleb
Nemelex Xobeh
Okawaru
Qazlal
Ru
Sif Muna
Trog
Uskayaw
Wu Jian
Xom
Yredelemnul
Zin
The Shining One

Shops:
D:12 =   Orc:2 [((=

Annotations:
D:10 1 runed translucent door, Mukuu's ghost, journeyman DrIE
D:14 exclusions: hell hound and 1 more exclusion


Innate Abilities, Weirdness & Mutations

You are resistant to damage.
You can heal yourself by infusing magical energy.
You resist negative energy. (rN+)
You passively map the area around you.
You do not regenerate.


Message History

You feel better.
You slash the alligator! You burn the alligator.
The alligator bites you but does no damage.
The alligator tail-slaps you but does no damage.
You slice the alligator!! You burn the alligator!
The alligator is almost dead.
You block the alligator's attack. x2
You hit the alligator but do no damage.
The alligator is almost dead.
You hit the alligator. You burn the alligator.
You kill the alligator!
Makhleb accepts your kill.
You feel better.
No target in view!
No target in view!
No target in view!
No target in view!
No target in view!
You enter the shallow water.
Moving in this stuff is going to be slow.
You now have 2040 gold pieces (gained 18).
Found 13 stones.
e - 13 scrolls of teleportation {@r3} (gained 1)
You see here 13 stones.
You enter the shallow water.
Moving in this stuff is going to be slow.
You enter the shallow water.
Moving in this stuff is going to be slow.
You enter the shallow water.
Moving in this stuff is going to be slow.
You enter the shallow water.
Moving in this stuff is going to be slow.
A bog body comes into view.
A bog body comes into view.
The bog body gestures at you while chanting.
The bolt of cold hits you! You resist.
There are monsters nearby!
There are monsters nearby!
There are monsters nearby!
There are monsters nearby!
The bog body points at you and mumbles some strange words.
The bolt of cold misses you.
You slash the bog body! You burn the bog body.
The bog body is moderately damaged.
You block the bog body's attack. x2
You slash the bog body! You burn the bog body.
The bog body is heavily damaged.
You hit the bog body. You burn the bog body.
The bog body is severely damaged.
The bog body gestures at you while chanting.
The bolt of cold hits you. You resist.
You slash the bog body! You burn the bog body.
You destroy the bog body!
Makhleb accepts your kill.
You feel better.
The bog body hits you but does no damage.
You block the bog body's attack.
Found a spear.
You completely miss the bog body. The bog body closely misses you.
You block the bog body's attack.
You closely miss the bog body.
A bog body is nearby!
A bog body is nearby!
A bog body is nearby!
A bog body is nearby!
A bog body is nearby!
You slash the bog body! You burn the bog body.
The bog body is moderately damaged.
The bog body casts a spell at you. The bolt of cold hits you. You resist.
You hit the bog body but do no damage.
The bog body is moderately damaged.
You block the bog body's attack.
The bog body touches you but does no damage.
You closely miss the bog body.
The bog body is moderately damaged.
You block the bog body's attack.
The bog body touches you but does no damage.
You slash the bog body! You burn the bog body.
The bog body is severely damaged.
The bog body hits you but does no damage.
The bog body touches you but does no damage.
You slash the bog body!
You destroy the bog body!
Makhleb accepts your kill.
You feel better.
No target in view!
No target in view!
No target in view!
No target in view!
No target in view!
No target in view!
No target in view!
No target in view!
No target in view!
No target in view!
No target in view!
No target in view!
No target in view!
No target in view!
Are you sure you want to abandon this character and quit the game? (Confirm with "yes".)

≈
♣≈.≈†♣..♣..≈§≈≈.♣
*
♣♣§≈<≈.♣≈≈....≈.♣
*
♣♣≈≈.♣♣.≈≈♣≈≈≈.♣♣
♣.≈.♣≈♣≈♣≈≈.♣..♣
♣.≈≈≈≈...≈.≈♣..♣♣
♣.≈≈.♣♣♣.♣♣≈♣..≈♣
♣♣≈≈≈♣♣♣.♣♣.♣♣.≈♣♣
♣.♣≈♣≈†....♣♣.≈≈♣
♣..≈..≈≈≈@♣♣♣.(♣♣
*...♣.≈≈♣≈.♣ ♣♣..♣
♣..≈.≈≈...♣ ♣..♣♣
♣.≈≈..≈≈≈.♣ ♣♣..♣
♣..≈≈≈≈≈≈.♣ ♣§≈♣♣
♣♣.≈≈.♣≈≈.♣ ♣♣≈≈♣
♣..≈...≈≈♣ ♣♣.♣
≈≈≈≈)≈≈≈♣ ♣♣♣ * *≈
≈≈


There were no monsters in sight!

Vanquished Creatures
  Saint Roka (Orc:2)
  Gastronok (Lair:1)
  A minotaur (Gauntlet)
  A yaktaur captain (D:9)
  3 hydras
  Harold (D:8)
  A catoblepas (D:13)
  3 two-headed ogres
  Erica (D:9)
  An alligator (Swamp:1)
  2 centaur warriors (D:14)
  A wizard (D:14)
  3 unseen horrors (D:12)
  A necromancer (IceCv)
  2 orc knights
  3 manticores
  6 orc sorcerers
  2 deep elf magi (Orc:2)
  6 ugly things (D:14)
  An apocalypse crab (Gauntlet)
  A black mamba (Lair:1)
  3 ice statues (IceCv)
  Joseph (D:10)
  5 centaur zombies
  3 cane toads
  3 rime drakes
  A kobold demonologist (D:14)
  2 komodo dragons
  An efreet (D:14)
  3 ice devils (IceCv)
  8 trolls
  A hornet (D:12)
  A tyrant leech (Swamp:1)
  2 raiju (Gauntlet)
  3 slime creatures (D:14)
  5 hippogriffs
  4 bog bodies
  3 shadows
  4 wyverns
  13 yaks
  A basilisk (D:9)
  7 vampire mosquitoes
  3 wargs
  5 swamp worms
  An acid dragon (D:11)
  A water moccasin (Lair:1)
  2 soldier ants (D:11)
  7 porcupines
  7 sky beasts
  A swamp drake (Orc:2)
  An eye of draining (D:12)
  4 ice beasts
  An ice beast (shapeshifter) (D:14)
  37 orc warriors
  2 phantoms
  2 black bears
  9 ogres
  10 centaurs
  12 bullfrogs
  2 big kobolds (D:9)
  4 gnoll sergeants (D:9)
  2 scorpions
  11 killer bees
  4 wights (D:6)
  An electric eel (Lair:2)
  2 bullfrog zombies
  A crimson imp (Orc:2)
  A human zombie (Ossuary)
  23 orc priests
  38 orc wizards
  2 centaur skeletons
  7 hounds
  A gnoll shaman (D:8)
  3 bullfrog skeletons
  An iron imp (Orc:2)
  4 iguanas
  11 worker ants
  2 lightning spires (Gauntlet)
  5 mummies (Ossuary)
  A worker ant zombie (D:8)
  7 adders
  8 gnolls
  A shadow imp (Orc:2)
  A white imp (Orc:2)
  3 ufetubi
  2 adder skeletons
  An adder zombie (D:8)
  A dart slug (D:3)
  2 leopard geckos
  112 orcs
  2 ball pythons
  A giant cockroach (D:4)
  8 hobgoblins
  6 jackals (D:4)
  3 quokkas
  4 bats
  2 frilled lizards
  13 goblins
  A hobgoblin zombie (Ossuary)
  A jackal skeleton (D:4)
  7 kobolds
  3 leopard gecko zombies
  A quokka skeleton (D:5)
  A quokka zombie (D:6)
  6 rats
544 creatures vanquished.

Vanquished Creatures (collateral kills)
  An orc high priest (Orc:2)
  An ugly thing (D:11)
  3 orc warriors (Orc:2)
  A wyvern zombie (D:11)
  A hound (D:11)
  An orc priest (Orc:2)
  4 orc wizards (Orc:2)
  3 orcs (Orc:2)
15 creatures vanquished.

Vanquished Creatures (others)
  2 orc wizards
  27 fungi
  53 plants
  17 withered plants (Gauntlet)
99 creatures vanquished.

Grand Total: 658 creatures vanquished

Notes
Turn   | Place    | Note
-------+----------+-------------------------------------------
     0 | D:1      | EnegeticOcto the Deep Dwarf Fighter began the quest for the
                  | Orb.
     0 | D:1      | Reached XP level 1. HP: 20/20 MP: 1/1
   157 | D:1      | Reached XP level 2. HP: 25/27 MP: 2/2
   337 | D:4      | Reached skill level 3 in Axes
   337 | D:4      | Reached XP level 3. HP: 22/33 MP: 3/3
   342 | D:4      | Found a sparkling altar of Nemelex Xobeh.
   461 | D:4      | Reached XP level 4. HP: 38/42 MP: 4/4
   524 | D:4      | Reached skill level 4 in Axes
   524 | D:4      | Reached XP level 5. HP: 49/49 MP: 5/5
   921 | D:5      | Entered Level 5 of the Dungeon
   925 | D:5      | Noticed a centaur
   946 | D:5      | Killed a centaur
   946 | D:5      | Reached XP level 6. HP: 41/57 MP: 6/6
   947 | D:5      | Reached skill level 5 in Axes
  1112 | D:5      | Found Giddu's Assorted Antiques.
  1129 | D:5      | Found a blossoming altar of Fedhas.
  1309 | D:5      | Noticed a yak
  1310 | D:5      | Noticed a yak
  1310 | D:5      | Noticed a yak
  1324 | D:5      | Killed a yak
  1324 | D:5      | Reached skill level 5 in Armour
  1324 | D:5      | Reached skill level 5 in Shields
  1324 | D:5      | Reached XP level 7. HP: 60/64 MP: 7/7
  1332 | D:5      | Killed a yak
  1332 | D:5      | Reached skill level 6 in Axes
  1336 | D:5      | Killed a yak
  1529 | D:5      | Reached XP level 8. HP: 46/73 MP: 8/8
  1936 | D:5      | Reached skill level 7 in Axes
  2114 | D:6      | Reached skill level 5 in Fighting
  2273 | D:6      | Reached skill level 8 in Axes
  2399 | D:6      | Found a staircase to the Ecumenical Temple.
  2594 | D:6      | Found an ornate altar of the Wu Jian Council.
  2877 | Temple   | Entered the Ecumenical Temple
  4121 | D:2      | Found a burning altar of Makhleb.
  4130 | D:2      | Became a worshipper of Makhleb the Destroyer
  4400 | D:7      | Gained mutation: You passively map the area around you.
                  | [Deep Dwarf growth]
  4400 | D:7      | Reached XP level 9. HP: 74/81 MP: 8/8
  4501 | D:7      | Reached skill level 1 in Invocations
  4833 | D:7      | Found a glowing silver altar of Zin.
  4937 | D:8      | Noticed Psyche
  4941 | D:8      | Noticed Psyche
  4941 | D:8      | Psyche changed into Psyche the hog
  4942 | D:8      | Noticed Psyche
  4942 | D:8      | Psyche the hog changed into Psyche the sky beast
  4956 | D:8      | Killed Psyche the sky beast
  4956 | D:8      | Reached skill level 9 in Axes
  4965 | D:8      | Noticed Harold
  4984 | D:8      | Killed Harold
  5222 | D:8      | Found a sand-covered staircase.
  5265 | Ossuary  | Entered an ossuary
  5356 | Ossuary  | Reached * piety under Makhleb
  5634 | D:8      | Noticed a two-headed ogre
  5647 | D:8      | Killed a two-headed ogre
  5647 | D:8      | Reached skill level 10 in Axes
  5647 | D:8      | Reached skill level 1 in Evocations
  5647 | D:8      | Reached XP level 10. HP: 64/92 MP: 11/11
  6027 | D:9      | Found a hazy altar of Hepliaklqana.
  6040 | D:9      | Reached skill level 5 in Invocations
  6090 | D:9      | Noticed Erica
  6106 | D:9      | Killed Erica
  6196 | D:9      | Found a staircase to the Orcish Mines.
  6257 | D:9      | Reached skill level 11 in Axes
  6307 | D:9      | Reached ** piety under Makhleb
  6333 | D:9      | Found an opulent altar of Gozag.
  6541 | D:9      | Noticed Maggie
  6542 | D:9      | Noticed Maggie
  6542 | D:9      | Maggie changed into Maggie the basilisk
  6561 | D:9      | Killed Maggie the basilisk
  6643 | D:9      | Found a sparkling altar of Nemelex Xobeh.
  6643 | D:9      | Found a transporter.
  6643 | D:9      | Noticed a yaktaur captain
  6670 | D:9      | Reached XP level 11. HP: 77/100 MP: 11/11
  6671 | D:9      | Killed a yaktaur captain
  6733 | D:10     | Entered Level 10 of the Dungeon
  6865 | D:10     | Reached skill level 5 in Evocations
  6888 | D:10     | Reached *** piety under Makhleb
  7191 | D:10     | Found a runed translucent door.
  7193 | D:10     | Noticed Joseph
  7194 | D:10     | Noticed Mukuu's ghost (journeyman DrIE)
  7196 | D:10     | Found a shimmering altar of Xom.
  7211 | D:10     | Killed Joseph
  7322 | D:10     | Found a staircase to the Lair.
  7553 | D:11     | Noticed a brown ugly thing
  7573 | D:11     | Killed a brown ugly thing
  8014 | D:11     | Reached skill level 12 in Axes
  8223 | D:12     | Reached **** piety under Makhleb
  8236 | D:12     | Noticed an unseen horror
  8247 | D:12     | Killed an unseen horror
  8263 | D:12     | Noticed an unseen horror
  8272 | D:12     | Found Xeho's Jewellery Shoppe.
  8276 | D:12     | Killed an unseen horror
  8393 | D:12     | Reached XP level 12. HP: 90/110 MP: 14/14
  8641 | Orc:1    | Entered Level 1 of the Orcish Mines
  8902 | Orc:1    | Reached ***** piety under Makhleb
  9111 | Orc:2    | Entered Level 2 of the Orcish Mines
  9213 | Orc:2    | Found a staircase to the Elven Halls.
  9222 | Orc:2    | Noticed Sonja
  9223 | Orc:2    | Noticed Sonja
  9223 | Orc:2    | Sonja changed into Sonja the rime drake
  9223 | Orc:2    | Noticed Saint Roka
  9232 | Orc:2    | Reached skill level 10 in Armour
  9234 | Orc:2    | Killed Sonja the rime drake
  9249 | Orc:2    | Killed Saint Roka
  9249 | Orc:2    | Reached skill level 13 in Axes
  9249 | Orc:2    | Reached skill level 10 in Shields
  9288 | Orc:2    | Found a gate leading to a gauntlet.
  9299 | Gauntlet | Entered a Gauntlet
  9299 | Gauntlet | Found a transporter.
  9299 | Gauntlet | Found a transporter.
  9299 | Gauntlet | Found a transporter.
  9299 | Gauntlet | Noticed a death scarab
  9322 | Gauntlet | Found a transporter.
  9456 | Gauntlet | Found a transporter.
  9457 | Gauntlet | Found a transporter.
  9472 | Gauntlet | Got a transparent lead amulet
  9478 | Gauntlet | Identified the amulet of Eternal Harmony {rPois rC+ Regen+
                  | Str-4 Dex+3} (You found it in a Gauntlet)
  9489 | Gauntlet | Noticed a reaper
  9502 | Gauntlet | Found a transporter.
  9513 | Gauntlet | Identified the +2 hat "Cetech" {rCorr SInv Stlth+} (You
                  | found it in a Gauntlet)
  9535 | Gauntlet | Identified the +5 short sword of Baac Bopt {elec, *Rage
                  | rC+++}
  9535 | Gauntlet | Identified the ring "Gystraaco" {rN+ Str+6 Slay+2 Stlth+}
  9535 | Gauntlet | Noticed a minotaur
  9537 | Gauntlet | Found a transporter.
  9556 | Gauntlet | HP: 3/112 [minotaur/the +5 short sword of Baac Bopt {elec,
                  | *Rage rC+++} (3)]
  9564 | Gauntlet | Killed a minotaur
  9853 | Orc:2    | Reached XP level 13. HP: 116/118 MP: 13/13
 10124 | Orc:2    | Found Hurcheit's Armour Boutique.
 10124 | Orc:2    | Found Weumuck's Weapon Shop.
 10127 | Orc:2    | Found Lilug's Antique Weapon Boutique.
 10127 | Orc:2    | Found Huoti's Jewellery Shop.
 10350 | Lair:1   | Entered Level 1 of the Lair of Beasts
 10385 | Lair:1   | Reached skill level 10 in Invocations
 10482 | Lair:1   | Reached ****** piety under Makhleb
 10507 | Lair:1   | Noticed Gastronok
 10536 | Lair:1   | Killed Gastronok
 10536 | Lair:1   | Reached skill level 14 in Axes
 10853 | Lair:2   | Found a hole to the Spider Nest.
 11009 | Lair:2   | Found a staircase to the Swamp.
 11227 | D:13     | Found a frozen archway.
 11242 | IceCv    | Entered an ice cave
 11390 | IceCv    | Got a faintly humming hat
 11443 | D:13     | Identified the +2 hat of Indemnity {rC++ MR-} (You found it
                  | in an ice cave)
 11729 | D:14     | Reached skill level 10 in Evocations
 11770 | D:14     | Gained mutation: You resist negative energy. (rN+) [Deep
                  | Dwarf growth]
 11770 | D:14     | Reached XP level 14. HP: 129/129 MP: 12/12
 12168 | D:14     | Reached skill level 15 in Axes
 12209 | D:14     | Found a flagged portal.
 12221 | Bailey   | Entered a bailey
 12565 | Swamp:1  | Entered Level 1 of the Swamp
 12682 | Swamp:1  | Quit the game

Illustrated notes

Levels and vault maps discovered:
D:1:      minmay_arrival_stair_chambers, layout_basic
D:2:      layout_basic, makhleb_blood_cavern_becter
D:3:      layout_loops_ring, overflow_temple_1_default
D:4:      layout_rooms, nicolae_overflow_crystal_walls
D:5:      layout_layer_cave, serial_shops, shop, basic_altar,
          minmay_misc_feat_tower
D:6:      layout_loops_corners, minmay_temple_entry_junction, basic_altar
D:7:      layout_basic, kennysheep_little_box
D:8:      layout_gridville, enter_ossuary_3, minivault_10, uniq_psyche,
          uniq_harold
D:9:      minmay_angry_zag, layout_irregular_city, lemuel_crystal_altar,
          overflow_temple_1_default, kennysheep_orc_monster_closet_entryway,
          grunt_nemelex_the_gamble, uniq_erica, uniq_maggie
D:10:     layout_grid_maze, due_lair_maze_entry_diamond, basic_altar,
          serial_glass, glass_columns_c, glass_columns_a, glass_columns_b,
          glass_columns_b, glass_columns_c, glass_columns_b, glass_columns_b,
          glass_columns_b, special_room [special_room_orc],
          ebering_ghost_inner_flame, uniq_joseph
D:11:     layout_roguey, small_statue_intersection
D:12:     layout_gridville, serial_shops, shop, shop, hangedman_fish_farm,
          uniq_nergalle
D:13:     layout_roguey, ximxim_vaults_locker_room, portal_ice_cave_rime,
          hangedman_tree_tricks, uniq_frances, uniq_kirke
D:14:     layout_loops_ring, serial_rivers, chequers_serial_rivers_micro_b,
          chequers_serial_rivers_micro_b, chequers_serial_rivers_micro_d,
          chequers_serial_rivers_large_a, chequers_arboretum, enter_bailey_7,
          minmay_rotating_lava
Temple:   eino_temple_scatter_basement
Lair:1:   layout_long_grid, worms_lemuel, grunt_megastairs_3,
          infiniplex_staircase_pool_2, uniq_gastronok, uniq_urug
Lair:2:   layout_roguey, nicolae_swamp_entry_splash_gauntlet,
          dummy_spider_entry, serial_bayou_shore_b
Swamp:1:  layout_falls_marsh, nicolae_swamp_very_dense_foliage
Orc:1:    layout_caves
Orc:2:    st_orc_mages, layout_diamond_mine, gauntlet_entry_generic,
          hangedman_minor_magic, uniq_saint_roka, uniq_sonja

Skill      XL: |  1  2  3  4  5  6  7  8  9 10 11 12 13 14 |
---------------+-------------------------------------------+-----
Axes           | 3 4 5 6 8 10 11 12 13 14 15 | 15.2
Fighting       | 3 4 5 6 7 8 9 |  9.9
Armour         | 4 5 6 7 8 9 10 11 | 11.7
Shields        | 4 5 6 7 8 9 10 11 | 11.5
Invocations    | 4 6 8 9 10 11 | 11.5
Evocations     | 1 4 6 8 10 | 10.0

Action                   |  1- 3 |  4- 6 |  7- 9 | 10-12 | 13-15 || total
-------------------------+-------+-------+-------+-------+-------++-------
Melee: War axe           |   108 |   129 |   468 |   770 |   678 ||  2153
       Broad axe         |       |       |       |   116 |       ||   116
Invok: Lesser Servant of |       |       |       |     9 |     3 ||    12
 Abil: Heal Wounds       |     1 |     5 |    11 |    23 |     8 ||    48
Evoke: Wand              |       |       |     5 |     4 |       ||     9
       Condenser vane    |       |       |       |     5 |       ||     5
  Use: Scroll            |       |       |    15 |    16 |     3 ||    34
       Potion            |       |       |       |     1 |     1 ||     2
 Stab: Distracted        |       |       |       |     1 |     4 ||     5
Armor: Scale mail        |     7 |       |       |       |       ||     7
       Plate armour      |    70 |   105 |   268 |   627 |   410 ||  1480
Dodge: Dodged            |    13 |    27 |    85 |   197 |   118 ||   440
Block: Kite shield       |    86 |    68 |   205 |   590 |   373 ||  1322

Table legend: (Time is in decaauts)
 A = Elapsed time spent in this place.
 B = Non-inter-level travel time spent in this place.
 C = Inter-level travel time spent in this place.
 D = Time resting spent in this place.
 E = Time spent auto-exploring this place.
 F = Levels seen in this place.
 G = Mean time per level.
                   A        B        C        D        E       F      G
               +--------+--------+--------+--------+--------+-----+--------+
         Total |  12767 |  11304 |   1463 |    100 |   7226 |  24 |  532.0 |
       Dungeon |   9540 |   8459 |   1081 |      0 |   5932 |  14 |  681.4 |
        Temple |    135 |    118 |     17 |      0 |    117 |   1 |  135.0 |
          Lair |    901 |    650 |    251 |      0 |    465 |   2 |  450.5 |
         Swamp |    107 |    107 |      0 |      0 |     43 |   1 |  107.0 |
  Orcish Mines |   1215 |   1102 |    113 |      0 |    550 |   2 |  607.5 |
       Ossuary |    190 |    190 |      0 |      0 |     21 |   1 |  190.0 |
        Bailey |     92 |     92 |      0 |      0 |      0 |   1 |   92.0 |
      Ice Cave |    188 |    188 |      0 |      0 |      6 |   1 |  188.0 |
      Gauntlet |    394 |    394 |      0 |    100 |     91 |   1 |  394.0 |
               +--------+--------+--------+--------+--------+-----+--------+

Top non-repeatable levels by time:
     D:5: 1188 daAuts
     D:9: 968 daAuts
     D:6: 927 daAuts
    D:10: 842 daAuts
     D:8: 839 daAuts
     D:1: 789 daAuts
    D:14: 764 daAuts
     D:4: 743 daAuts
   Orc:2: 742 daAuts
    D:11: 724 daAuts
     D:7: 561 daAuts
  Lair:2: 546 daAuts
     D:2: 495 daAuts
   Orc:1: 473 daAuts
Gauntlet: 394 daAuts
